 Dungeon Crawl Stone Soup version 0.20.1-1-g8b1a95d (webtiles) character file.

2149 vineage the Cudgeler (level 9, -3/69 HPs)
             Began as a Demonspawn Berserker on July 25, 2017.
             Was a High Priest of Trog.
             Killed by Olgreb's Toxic Radiance
             ... invoked by SeriousVitamin's ghost
              (4 damage)
             ... on level 8 of the Dungeon.
             The game lasted 00:17:11 (4973 turns).

vineage the Cudgeler (Demonspawn Berserker)         Turns: 4973, Time: 00:17:11

Health: -3/69      AC: 20    Str: 21    XL:     9   Next: 9%
Magic:  9/9        EV:  7    Int:  8    God:    Trog [*****.]
Gold:   375        SH:  7    Dex: 13    Spells: 8/8 levels left

rFire    . . .     SeeInvis .   d - +6 whip (elec)
rCold    . . .     Gourm    .   q - +2 buckler {AC+3}
rNeg     . . .     Faith    .   h - +2 plate armour
rPois    .         Spirit   .   (no helmet)
rElec    .         Reflect  .   (no cloak)
rCorr    .         Harm     .   (no gloves)
MR       +....                  (boots unavailable)
Stlth    ..........             j - amulet of rage
Regen    0.3/turn               k - ring of protection from magic
MPRegen  0.2/turn               (no ring)

@: lethally poisoned (-3 -> -41), flying
A: hooves 3, molten scales 2, demonic guardian 1, rot immunity
a: Berserk, Trog's Hand, Brothers in Arms, Burn Spellbooks, Renounce Religion,
Evoke Berserk Rage


You were on level 8 of the Dungeon.
You worshipped Trog.
Trog was extremely pleased with you.
You were not hungry.

You visited 2 branches of the dungeon, and saw 9 of its levels.

You collected 375 gold pieces.

Inventory:

Hand Weapons
 a - a +0 hand axe
 d - a +6 whip of electrocution (weapon)
 o - a -3 trident
 p - a +0 long sword
 x - a +0 dire flail of protection
 C - a -3 morningstar
Armour
 b - a +0 animal skin
 h - a +2 plate armour (worn)
 q - a +2 buckler of protection (worn)
 w - the +2 robe of Winter {rElec rF+}
   (You found it on level 6 of the Dungeon)

   It protects you from fire.
   It insulates you from electricity.
Jewellery
 c - an uncursed ring of teleportation
 j - an amulet of rage (around neck)
 k - a ring of protection from magic (left hand)
 A - an uncursed ring of loudness
Wands
 r - a wand of disintegration (7/24)
 u - a wand of acid (7/15)
Scrolls
 f - a scroll of fear
 g - 3 scrolls of recharging
 n - a scroll of teleportation
 t - a scroll of random uselessness {unknown}
 v - a scroll of enchant armour
 y - a scroll of magic mapping
 B - a scroll of fog
Potions
 e - a potion of degeneration
 m - 2 potions of brilliance
 E - a potion of ambrosia {unknown}
Comestibles
 i - 5 bread rations
 s - a royal jelly
 z - 6 fruits
 D - 2 meat rations


   Skills:
 + Level 5.8 Fighting
 + Level 3.2(5.6) Axes
 + Level 7.1(7.5) Maces & Flails
 + Level 5.0 Armour
 + Level 2.7 Dodging
 + Level 1.5 Stealth
 + Level 3.4 Shields


You had 8 spell levels left.
You didn't know any spells.

Dungeon Overview and Level Annotations

Branches:
Dungeon (8/15)             Temple (1/1) D:4
   Lair: D:8-11

Altars:
Ashenzari
Cheibriados
Dithmenos
Elyvilon
Fedhas
Gozag
Hepliaklqana
Kikubaaqudgha
Makhleb
Nemelex Xobeh
Okawaru
Qazlal
Ru
Sif Muna
Trog
Vehumet
Xom
Yredelemnul
Zin
The Shining One

Annotations:
D:8 SeriousVitamin's ghost, novice GrVM


Innate Abilities, Weirdness & Mutations

You have hooves in place of feet.
You are mostly covered in molten scales. (AC +3)
A weak demonic guardian rushes to your aid.
You are immune to rotting.


Message History

SeriousVitamin's ghost ripples.
SeriousVitamin's ghost casts a spell at you.
The sting hits you!
You are more poisoned.
Your quasit closely misses SeriousVitamin's ghost.
Your quasit barely misses SeriousVitamin's ghost.
Your quasit misses SeriousVitamin's ghost.
You whack SeriousVitamin's ghost! You kick SeriousVitamin's ghost.
SeriousVitamin's ghost is heavily damaged.
* * * LOW HITPOINT WARNING * * *
You feel very sick.
Your iron imp hits SeriousVitamin's ghost but does no damage.
Your quasit barely misses SeriousVitamin's ghost.
Your quasit closely misses SeriousVitamin's ghost. x2
You miss SeriousVitamin's ghost.
You kick SeriousVitamin's ghost, but do no damage.
SeriousVitamin's ghost is heavily damaged.
* * * LOW HITPOINT WARNING * * *
You feel sick.
You die...

.....
.###############..#
...........#..##..#
...........'..#...#
#.......!..#..'...#
#..........#..#...#
#..........#..#.<.#
#......55..#..#...#
#......W@..#####..#
###.....#+## #..#
#.....# ....
#.....# ....+
#.....# ....#
#.....# .....#
+..... #.....


You could see SeriousVitamin's ghost, a friendly iron imp and a friendly quasit.

Vanquished Creatures
  A hippogriff (D:7)
  A wyvern (D:5)
  Edmund (D:6)
  2 orc warriors
  A sky beast (D:6)
  2 phantoms (D:5)
  2 centaurs (D:7)
  A bullfrog (D:6)
  A howler monkey (D:7)
  2 crimson imps (D:5)
  2 jellies (D:2)
  3 hounds
  3 orc priests
  2 centaur skeletons
  2 orc wizards
  Jessica (D:2)
  2 iguanas
  3 worker ants
  A statue (D:4)
  A hound skeleton (D:6)
  Robin (D:4)
  A howler monkey skeleton (D:5)
  5 adders
  9 gnolls
  A shadow imp (D:5)
  6 oozes (D:2)
  4 worms
  A dart slug (D:2)
  4 leopard geckos
  18 orcs
  4 giant cockroaches
  12 goblins
  9 hobgoblins
  14 jackals
  18 kobolds
  3 quokkas
  3 ball pythons
  4 bats
  2 frilled lizards (D:1)
  A leopard gecko skeleton (D:4)
  A quokka skeleton (D:6)
  11 rats
166 creatures vanquished.

Vanquished Creatures (collateral kills)
  A centaur (D:6)
  A bullfrog (D:4)
  A hound (D:6)
  An ooze (D:2)
  2 jackals (D:6)
6 creatures vanquished.

Vanquished Creatures (others)
  6 toadstools (D:2)
6 creatures vanquished.

Grand Total: 178 creatures vanquished

Notes
Turn   | Place    | Note
-------+----------+-------------------------------------------
     0 | D:1      | vineage the Demonspawn Berserker began the quest for the Orb.
     0 | D:1      | Reached XP level 1. HP: 18/18 MP: 1/1
   302 | D:1      | Gained mutation: A weak demonic guardian rushes to your aid. [demonic ancestry]
   302 | D:1      | Reached XP level 2. HP: 22/24 MP: 2/2
   679 | D:2      | Gained mutation: You are partially covered in molten scales. (AC +2) [demonic ancestry]
   679 | D:2      | Reached XP level 3. HP: 24/29 MP: 3/3
   695 | D:2      | Reached ** piety under Trog
   805 | D:2      | Reached skill level 1 in Maces & Flails
   827 | D:2      | Found a shadowy altar of Dithmenos.
  1041 | D:2      | Found a glowing silver altar of Zin.
  1310 | D:2      | Gained mutation: You have large cloven feet. [demonic ancestry]
  1310 | D:2      | Reached XP level 4. HP: 35/35 MP: 4/4
  1427 | D:2      | Reached skill level 2 in Maces & Flails
  1436 | D:2      | Reached *** piety under Trog
  1436 | D:2      | Gained mutation: You have hoof-like feet. [demonic ancestry]
  1436 | D:2      | Reached XP level 5. HP: 37/42 MP: 5/5
  1582 | D:2      | Noticed Jessica
  1586 | D:2      | Killed Jessica
  1586 | D:2      | Reached skill level 3 in Maces & Flails
  1586 | D:2      | Reached skill level 1 in Stealth
  1750 | D:3      | Found a sacrificial altar of Ru.
  1982 | D:3      | Gained mutation: You have hooves in place of feet. [demonic ancestry]
  1982 | D:3      | Reached XP level 6. HP: 32/48 MP: 6/6
  2169 | D:4      | Found a staircase to the Ecumenical Temple.
  2185 | Temple   | Entered the Ecumenical Temple
  2461 | D:4      | Noticed Robin
  2475 | D:4      | Killed Robin
  2534 | D:4      | Found a radiant altar of Vehumet.
  2759 | D:4      | Reached skill level 4 in Maces & Flails
  2999 | D:5      | Entered Level 5 of the Dungeon
  3033 | D:5      | Reached **** piety under Trog
  3033 | D:5      | Gained mutation: You are mostly covered in molten scales. (AC +3) [demonic ancestry]
  3033 | D:5      | Reached XP level 7. HP: 51/54 MP: 7/7
  3145 | D:5      | Reached skill level 5 in Maces & Flails
  3336 | D:5      | Noticed a wyvern
  3339 | D:5      | Killed a wyvern
  3471 | D:5      | Found a shimmering altar of Xom.
  3588 | D:5      | You fall through a shaft!
  3588 | D:6      | Noticed Edmund
  3605 | D:6      | Killed Edmund
  3605 | D:6      | Reached XP level 8. HP: 42/61 MP: 8/8
  3609 | D:6      | Reached skill level 5 in Fighting
  3609 | D:6      | Reached skill level 6 in Maces & Flails
  3609 | D:6      | Reached skill level 1 in Shields
  3611 | D:6      | Received a gift from Trog
  3885 | D:6      | Got a thick robe
  3941 | D:6      | Found a hazy altar of Hepliaklqana.
  4192 | D:6      | Identified the +2 robe of Winter {rElec rF+} (You found it on level 6 of the Dungeon)
  4504 | D:7      | Reached ***** piety under Trog
  4513 | D:7      | Reached skill level 7 in Maces & Flails
  4600 | D:7      | Noticed a hippogriff
  4607 | D:7      | Killed a hippogriff
  4607 | D:7      | Gained mutation: You are immune to rotting. [demonic ancestry]
  4607 | D:7      | Reached XP level 9. HP: 60/69 MP: 9/9
  4754 | D:7      | Reached skill level 5 in Armour
  4948 | D:8      | Noticed SeriousVitamin's ghost (novice GrVM)
  4972 | D:8      | HP: 3/69 [poisoned by SeriousVitamin's ghost (sting)]
  4973 | D:8      | HP: 1/69 [poisoned by SeriousVitamin's ghost (sting)]
  4973 | D:8      | Killed from afar by SeriousVitamin's ghost

Skill      XL: |  1  2  3  4  5  6  7  8  9 |
---------------+----------------------------+-----
Armour         | 2 4 5 |  5.0
Axes           | 3 |  3.2
Dodging        | 2 |  2.7
Maces & Flails | 1 2 3 4 5 7 |  7.1
Stealth        | 1 |  1.5
Fighting       | 4 5 |  5.8
Shields        | 3 |  3.4

Action                   |  1- 3 |  4- 6 |  7- 9 || total
-------------------------+-------+-------+-------++-------
Melee: Hand axe          |    10 |       |       ||    10
       Whip              |    80 |   135 |   164 ||   379
       Kick              |       |    31 |    46 ||    77
  Use: Scroll            |     7 |    12 |     4 ||    23
       Potion            |       |       |     5 ||     5
  Eat: Chunk             |     1 |       |     2 ||     3
       Bread ration      |       |     2 |       ||     2
       Fruit             |       |     1 |       ||     1
Armor: Animal skin       |    23 |       |       ||    23
       Plate armour      |     3 |    77 |   143 ||   223
Dodge: Dodged            |    57 |    30 |    70 ||   157
Block: Buckler           |       |     2 |    49 ||    51
